Map: Золотые столпы РВ

Players

ИИ 1 (новичок)

  • Race: Protoss Protoss
  • Spawn Location: 1:00

Doll - Winner!

  • Race: Terran Terran
  • Spawn Location: 7:00

VOD

Have the link to the VOD?

Description

Time

  • Played on: Feb. 16, 2021, 1:57 p.m.
  • Length: 10:22
Show
View Real Time Build Order
Export as new Build Order

ИИ 1 (новичок) Protoss 

Build Orders: 1 Gate Expand, Nexus First 

Get SALT Encoding   

  12  0:00  Probe  
  13  0:13  Probe  
  14  0:20  Pylon  
  14  0:43  Gateway  
  14  1:02  Nexus  
  14  1:20  Pylon  
  14  1:22  Zealot  
  14  1:25  Assimilator  
  16  1:39  Probe, Cybernetics Core  
  17  1:52  Probe  
  18  2:01  Probe  
  18  2:03  Assimilator  
  19  2:09  Probe  
  19  2:15  Stalker  
  22  2:18  Probe  
  22  2:22  Probe  
  23  2:28  Warp Gate  
  24  2:33  Probe  
  25  2:40  Probe  
  26  2:52  Probe  
  26  2:54  Assimilator  
  26  2:55  Pylon  
  27  2:59  Probe  
  28  3:06  Probe  
  28  3:10  Probe  
  29  3:17  Probe  
  29  3:19  Robotics Facility  
  30  3:26  Adept  
  33  3:28  Probe  
  34  3:35  Probe  
  35  3:43  Probe  
  36  3:50  Probe  
  37  3:57  Probe  
  38  4:04  Observer, Probe  
  38  4:08  Probe  
  41  4:18  Observer  
  41  4:19  Probe  
  41  4:22  Probe  
  42  4:25  Assimilator  
  44  4:33  Probe  
  44  4:36  Sentry  
  44  4:37  Pylon  
  47  4:41  Probe  
  48  4:48  Probe  
  49  4:55  Probe  
  50  9:32  Stalker  
  50  9:35  Pylon  
  44  9:41  Probe  
  37  9:49  Probe  
  23  9:57  Probe  
  20  10:01  Zealot  
Show
View Real Time Build Order
Export as new Build Order

Doll Terran - Winner!

Build Orders:  

Get SALT Encoding   

  12  0:00  SCV  
  13  0:13  SCV  
  14  0:22  Supply Depot  
  14  0:25  SCV  
  15  0:44  SCV  
  15  0:47  Barracks  
  16  0:56  SCV  
  17  1:09  SCV  
  18  1:19  Command Center  
  18  1:22  SCV  
  19  1:33  Marine  
  19  1:37  Refinery  
  20  1:41  Supply Depot  
  20  1:42  SCV  
  21  1:51  Marine  
  22  1:55  Orbital Command  
  22  2:10  Marine  
  22  2:11  Barracks  
  23  2:21  Refinery  
  23  2:29  SCV  
  24  2:32  Marine, Orbital Command  
  25  2:41  SCV  
  26  2:48  Factory  
  26  2:52  Marine  
  26  2:53  Bunker  
  26  2:56  SCV  
  28  3:01  SCV  
  28  3:04  Barracks Tech Lab  
  29  3:09  SCV  
  29  3:11  Marine  
  31  3:13  SCV  
  31  3:19  Supply Depot  
  32  3:22  SCV  
  32  3:25  Marauder  
  32  3:26  SCV  
  36  3:30  Barracks Tech Lab  
  36  3:37  SCV, Starport  
  36  3:40  SCV  
  38  3:43  Stimpack  
  38  3:48  Marauder  
  40  3:50  Marauder  
  40  3:52  SCV  
  40  3:54  SCV  
  44  4:03  Starport  
  44  4:05  SCV  
  44  4:09  SCV  
  46  4:10  Supply Depot  
  46  4:11  Factory Tech Lab  
  46  4:13  Marauder  
  46  4:14  Starport Tech Lab  
  48  4:18  SCV  
  48  4:23  SCV, Supply Depot  
  50  4:27  Marine  
  51  4:33  SCV  
  51  4:35  Banshee, Barracks  
  56  4:38  SCV  
  56  4:40  Marine  
  56  4:45  Starport Tech Lab  
  57  4:47  SCV  
  57  4:50  Refinery  
  57  4:51  SCV, Refinery  
  59  4:54  Marauder  
  61  5:00  Combat Shield  
  61  5:01  SCV  
  61  5:06  SCV, Supply Depot  
  63  5:09  Marine  
  64  5:17  Supply Depot  
  64  5:19  Banshee  
  67  5:22  SCV  
  67  5:23  SCV  
  69  5:29  Command Center  
  69  5:32  Barracks Tech Lab  
  69  5:33  Banshee  
  72  5:35  SCV  
  72  5:38  Supply Depot  
  72  5:39  SCV  
  74  5:45  Marine  
  74  5:46  Factory, Marine  
  74  5:48  Concussive Shells  
  74  5:49  SCV  
  77  5:55  Marine  
  78  5:57  SCV  
  78  6:00  Supply Depot  
  79  6:04  Siege Tank  
  79  6:05  Medivac  
  79  6:06  SCV  
  85  6:12  SCV  
  85  6:13  Engineering Bay  
  85  6:16  Engineering Bay, Marauder  
  88  6:20  Banshee  
  88  6:22  SCV  
  92  6:26  Supply Depot  
  92  6:27  SCV  
  92  6:29  Marine  
  92  6:30  Marine  
  92  6:31  Factory Tech Lab  
  95  6:36  SCV, Fusion Core  
  96  6:40  SCV  
  96  6:45  Orbital Command  
  97  6:47  Marauder  
  97  6:48  Viking  
  97  6:51  Terran Infantry Weapons Level 1  
  97  6:54  SCV  
  102  6:55  SCV  
  102  6:59  Supply Depot, Marauder  
  102  7:00  Marine  
  106  7:05  Siege Tank  
  106  7:07  SCV  
  110  7:11  Refinery  
  110  7:12  SCV, Refinery  
  110  7:14  SCV  
  112  7:16  Banshee  
  112  7:18  Marauder  
  112  7:19  Marauder  
  119  7:23  Supply Depot  
  119  7:26  SCV  
  119  7:27  SCV  
  119  7:28  SCV  
  122  7:30  Liberator  
  122  7:34  Marauder  
  127  7:39  Hellion  
  127  7:40  SCV, Hellion  
  127  7:41  SCV  
  127  7:43  Terran Infantry Armor Level 1  
  133  7:46  Supply Depot  
  133  7:49  Supply Depot  
  133  7:52  Marauder  
  133  7:53  Marauder  
  133  7:56  SCV x3  
  140  8:02  Supply Depot  
  140  8:11  Armory  
  140  8:15  Liberator  
  140  8:16  Liberator  
  140  8:18  Factory, Barracks  
  140  8:19  Marauder x2  
  150  8:20  Marauder  
  152  8:28  Cloaking Field  
Tags
 
Add a new tag
Caveats
  • Supply blocks, unpowered buildings, or Contaminate may cause inaccurate times.
  • Supply counts are checked every 10 seconds.